AoeStats
← RedPhosphoru

Arabian Desert

509734555Analyzed
1v1 RM · 4d ago on Sep 27, 2026· 22m 7s· 2 players
Game mode
Random Map
Map size
Tiny (2 player)
Population
200
Speed
Normal
Resources
Standard
Victory
Conquest
Starting age
Dark Age
Ending age
Imperial Age
RankedLock teamsTeams togetherTeam positionsShared explorationLock speedFull tech treeHidden civsTurbo modeCheats
Victory
Defeat
🇩🇪 Burgundians · Germany
2066
+27
🇺🇸 Persians · United States
2361
-27
LM | MaisterNippon
3:15 Loom
3:47 Double-Bit Axe
12:48 Feudal Age
13:40 Bow Saw
15:07 Arson
21:55 Castle Age
20:49 Scale Mail Armor
21:45 Forging
RedPhosphoru
9:47 Loom
12:08 Feudal Age
12:09 Man-at-Arms
12:36 Double-Bit Axe
12:42 Arson
12:59 Horse Collar
16:02 Wheelbarrow
17:45 Scale Barding Armor
18:22 Forging
19:24 Bloodlines
Connection lost

Rejoining the realm…

Still unreachable

The connection could not be restored.

Session expired

The server has moved on; the page needs a fresh start.